 Dungeon Crawl Stone Soup version 0.24-a0-84-g25a2d9f (webtiles) character file.

Game seed: 10861049017455788469

206384 ohad the Severer (level 18, -18/166 HPs)
             Began as a Hill Orc Fighter on Feb 4, 2019.
             Was the Champion of Makhleb.
             Blown up by an orb spider (25 damage)
             ... with an orb of destruction
             ... on level 3 of the Spider Nest on Feb 7, 2019.
             The game lasted 02:07:46 (36225 turns).

ohad the Severer (Hill Orc Fighter)                Turns: 36225, Time: 02:07:47

Health: -18/166    AC: 24    Str: 19 (20) XL:     18   Next: 71%
Magic:  29/29      EV: 16    Int:  9 (10) God:    Makhleb [******]
Gold:   2808       SH: 15    Dex: 12 (16) Spells: 17/17 levels left

rFire    . . .     SeeInvis .   Z - +0 broad axe (freeze)
rCold    . . .     Gourm    .   j - +2 shield {rN+}
rNeg     + . .     Faith    .   P - +1 chain mail of Knowledge {rElec Str+3 Int+2}
rPois    +         Spirit   .   Y - +1 helmet
rElec    +         Reflect  .   N - +0 cloak {rPois}
rCorr    .         Harm     .   E - +0 pair of gloves
MR       +....                  L - +2 pair of boots
Stlth    ..........             H - amulet of rage
HPRegen  0.37/turn              V - +5 ring of protection
MPRegen  0.21/turn              q - +3 ring of evasion

@: corroded
A: deterioration 1, weak 2
}: 1/15 runes: decaying
a: Minor Destruction, Lesser Servant of Makhleb, Major Destruction, Greater
Servant of Makhleb, Renounce Religion, Evoke Berserk Rage


You were on level 3 of the Spider Nest.
You worshipped Makhleb.
Makhleb was exalted by your worship.
You were not hungry.

You visited 6 branches of the dungeon, and saw 31 of its levels.
You also visited: Gauntlet.

You collected 2901 gold pieces.
You spent 93 gold pieces at shops.

Inventory:

Hand Weapons
 b - a +1 war axe of flaming
 h - a +2 dagger of distortion
 W - the +8 whip "Snakebite" {curare, rPois}
   (You found it on level 5 of the Lair of Beasts)

   It poisons the flesh of those it strikes.
   It protects you from poison.
 Z - a +0 broad axe of freezing (weapon)
Armour
 j - a +2 shield of positive energy (worn)
 n - the +1 pair of boots of the Three Demons {rF- Str+4 Dex+4}
   (You found it in a Gauntlet)

   It affects your strength (+4).
   It affects your dexterity (+4).
   It makes you vulnerable to fire.
 C - +0 ice dragon scales
 E - a +0 pair of gloves (worn)
 G - a scarf of repulsion
 I - a scarf of spirit shield
 L - a +2 pair of boots (worn)
 N - a +0 cloak of poison resistance (worn)
 P - the +1 chain mail of Knowledge (worn) {rElec Str+3 Int+2}
   (You took it off a minotaur in a Gauntlet)

   It affects your strength (+3).
   It affects your intelligence (+2).
   It insulates you from electricity.
 Y - a +1 helmet (worn)
Jewellery
 a - the ring of Buuk {Ice *Drain Str+5 Slay+2}
   (You found it in a Gauntlet)

   [ring of ice]

   It enhances your ice magic.
   It affects your strength (+5).
   It affects your accuracy and damage with ranged weapons and melee attacks
   (+2).
   It makes you vulnerable to fire.
   It protects you from cold.
   It causes draining when unequipped.
 l - an uncursed ring of resist corrosion
 q - a +3 ring of evasion (right hand)
 t - an uncursed ring of protection from cold
 w - an uncursed amulet of the acrobat {unknown}
 x - the ring of the Trilobite {rElec MR+ Int+3 SInv Stlth-}
   (You took it off a minotaur in a Gauntlet)

   [ring of protection from magic]

   It affects your intelligence (+3).
   It insulates you from electricity.
   It affects your resistance to hostile enchantments.
   It lets you see invisible.
   It makes you less stealthy.
 y - an uncursed ring of protection from magic
 B - an uncursed ring of flight
 H - an amulet of rage (around neck)
 J - the ring of Doyr {rPois MR+ Str+2 Int+2}
   (You found it in a Gauntlet)

   [ring of strength]

   It affects your strength (+2).
   It affects your intelligence (+2).
   It protects you from poison.
   It affects your resistance to hostile enchantments.
 S - an uncursed ring of fire
 V - a +5 ring of protection (left hand)
Wands
 A - a wand of disintegration (11)
 U - a wand of clouds (6)
Scrolls
 c - 2 scrolls of summoning
 e - 12 scrolls of teleportation
 i - 3 scrolls of immolation
 k - 3 scrolls of fear
 m - 9 scrolls of remove curse
 K - 4 scrolls of magic mapping {unknown}
 O - a scroll of blinking
 X - 3 scrolls of fog
Potions
 d - 2 potions of might
 g - 4 potions of cancellation
 p - 5 potions of curing
 r - 2 potions of heal wounds
 s - 2 potions of berserk rage
 u - 2 potions of agility
 v - 3 potions of flight
 z - 2 potions of haste
 F - 2 potions of resistance
 T - 2 potions of invisibility
Miscellaneous
 o - a phantom mirror
 M - a phial of floods
Comestibles
 f - 44 rations
 D - 2 chunks of flesh


   Skills:
 + Level 15.6 Fighting
 - Level 18.1 Axes
 * Level 14.7 Armour
 * Level 12.3 Dodging
 - Level 15.0 Shields
 - Level 15.4 Invocations
 - Level 2.8 Evocations


You had 17 spell levels left.
You didn't know any spells.
Your spell library contained the following spells:

 Spells                   Type           Power        Failure   Level  Hunger
 Animate Skeleton         Necr           N/A          94%         1    ##.....
 Apportation              Tloc           #.....       94%         1    ##.....
 Confusing Touch          Hex            #.....       94%         1    ##.....
 Corona                   Hex            #......      94%         1    ##.....
 Pain                     Necr           #...         94%         1    ##.....
 Shock                    Conj/Air       #...         94%         1    ##.....
 Summon Butterflies       Summ           #.......     94%         1    ##.....
 Ensorcelled Hibernation  Hex/Ice        #.....       98%         2    ###....
 Slow                     Hex            #.......     98%         2    ###....
 Swiftness                Chrm/Air       #.......     98%         2    ###....
 Confuse                  Hex            #.......     100%        3    ####...
 Dazzling Spray           Conj/Hex       #.....       100%        3    ####...
 Lesser Beckoning         Tloc           #.........   100%        3    ####...
 Regeneration             Chrm/Necr      #.........   100%        3    ####...
 Spectral Weapon          Hex/Chrm       #.......     100%        3    ####...
 Static Discharge         Conj/Air       #.......     100%        3    ####...
 Tukima's Dance           Hex            #.......     100%        3    ####...
 Vampiric Draining        Necr           #.........   100%        3    ####...
 Airstrike                Air            #.........   100%        4    #####..
 Animate Dead             Necr           N/A          100%        4    #####..
 Cause Fear               Hex            #.........   100%        4    #####..
 Alistair's Intoxication  Tmut/Pois      #.......     100%        5    ######.
 Irradiate                Conj/Tmut      #.........   100%        5    ######.
 Lightning Bolt           Conj/Air       #.........   100%        5    ######.
 Silence                  Hex/Air        #.........   100%        5    ######.
 Yara's Violent Unravell  Hex/Tmut       #.........   100%        5    ######.
 Deflect Missiles         Chrm/Air       #.........   100%        6    #######
 Hydra Form               Tmut           #.........   100%        6    #######
 Invisibility             Hex            #.......     100%        6    #######
 Statue Form              Tmut/Erth      #........    100%        6    #######
 Dragon Form              Tmut           #.........   100%        7    #######
 Discord                  Hex            #.........   100%        8    #######


Dungeon Overview and Level Annotations

Branches:
Dungeon (15/15)            Temple (1/1) D:6            Lair (6/6) D:8
  Swamp (4/4) Lair:4       Spider (3/4) Lair:3        Slime (0/5) Lair:5
    Orc (2/2) D:11            Elf (0/3) Orc:2        Vaults (0/5) D:14
 Depths (0/5) D:15

Altars:
Ashenzari
Cheibriados
Elyvilon
Fedhas
Gozag
Hepliaklqana
Makhleb
Nemelex Xobeh
Ru
Sif Muna
Trog
Vehumet
Wu Jian
Xom
Yredelemnul
Zin
The Shining One
Beogh
Jiyva

Shops:
D:13 *   Orc:2 [[:%(

Annotations:
D:6 5 runed translucent doors
D:8 3 runed translucent doors, Stiffzip's ghost, novice MiBe
Lair:1 Ratty's ghost, journeyman GnSk


Innate Abilities, Weirdness & Mutations

Your body sometimes deteriorates upon taking damage.
You are very weak. (Str -4)


Message History

* * * LOW HITPOINT WARNING * * *
The emperor scorpion barely misses you.
Unknown command.
You feel much better.
The orb spider weaves a glowing orb of energy. x2
You block the emperor scorpion's attack. x2
The emperor scorpion claws you.
* * * LOW HITPOINT WARNING * * *
2 orbs of destruction come into view.
Unknown command.
As you read the scroll of fear, it crumbles to dust.
You assume a fearsome visage.
The orb of destruction is unaffected. x2
The orb spider looks frightened! x2; The emperor scorpion looks frightened!
The orb of destruction hits you!!
* * * LOW HITPOINT WARNING * * *
Your body deteriorates!
You feel clumsy.
The emperor scorpion is caught in a web!
You see here a redback corpse.
The orb of destruction hits you!!
You die...

.....#...##
#........#
#....^..^#
####.<# #.s#..#
### # #....#
#...#.#...##
#)....##.○^#
#....☼@s##
##...°††#
##..†°†#
......^°......#
#..^..#..°..s.##
...#..####.....#
..##.# %....# #
## .....# .#####


You could see an emperor scorpion (webbed) and an orb spider (fleeing).

Vanquished Creatures
  Arachne (Spider:2)
  Jorgrun (Spider:1)
  Agnes (D:15)
  5 thorn hunters
  An orc warlord (Orc:2)
  3 ghost moths (Spider:2)
  Louise (D:14)
  An emperor scorpion (Spider:2)
  3 entropy weavers
  A very ugly thing (Swamp:2)
  Azrael (Spider:2)
  Nessos (Lair:5)
  A minotaur (Gauntlet)
  Josephine (D:10)
  A fire dragon (Lair:6)
  A vault guard (D:14)
  An ice dragon (Swamp:4)
  20 hydras
  A ghost crab (Swamp:3)
  2 centaur warriors
  5 shambling mangroves
  8 two-headed ogres
  A catoblepas (D:15)
  An ogre mage (D:15)
  11 alligators
  7 death yaks
  A vampire mage (D:15)
  Urug (Lair:4)
  A fire crab (Lair:4)
  2 spriggan berserkers
  A skeletal warrior (D:15)
  4 unseen horrors
  2 spriggan druids
  15 swamp dragons
  A shadow dragon zombie (D:15)
  3 wizards
  3 lindwurms (Lair:6)
  11 orb spiders
  5 orc knights
  5 cyclopes
  4 necromancers
  13 ugly things
  3 orc sorcerers
  A deep elf mage (D:15)
  11 wolf spiders
  2 frost giant zombies (D:15)
  2 manticores
  An elephant (shapeshifter) (D:13)
  10 elephants
  A stone giant zombie (D:15)
  Psyche (D:12)
  6 centaur zombies
  5 black mambas
  2 gargoyles
  5 torpor snails (Lair:6)
  8 komodo dragons
  26 spiny frogs
  An efreet (D:15)
  5 rime drakes
  A guardian mummy (D:15)
  5 demonic crawlers (Spider:2)
  An ice devil (Gauntlet)
  14 jumping spiders
  4 polar bears
  7 trolls
  A troll (shapeshifter) (D:15)
  A wolf spider simulacrum (D:14)
  21 hornets
  22 blink frogs
  12 tyrant leeches
  11 bog bodies
  2 hornets (shapeshifter)
  12 hippogriffs
  22 dream sheep
  11 slime creatures
  4 wraiths (D:10)
  5 spriggans
  3 shadows (Swamp:1)
  5 wyverns
  39 yaks
  46 redbacks
  7 basilisks
  18 tarantellas
  A water elemental (D:15)
  A fire elemental (Spider:2)
  2 hungry ghosts (D:12)
  A steam dragon (D:10)
  A basilisk (shapeshifter) (D:15)
  20 humans (D:14)
  15 vampire mosquitoes
  12 swamp worms
  7 wargs
  3 acid dragons
  7 porcupines
  18 water moccasins
  3 hell hounds (Spider:2)
  4 sky beasts
  13 swamp drakes
  7 ice beasts
  3 black bears
  44 orc warriors
  A necrophage (D:10)
  11 ogres
  A hornet zombie (D:8)
  16 centaurs
  5 phantoms
  21 wolves
  9 crocodiles
  16 big kobolds
  11 bullfrogs
  A wyvern zombie (D:14)
  6 scorpions
  A water moccasin skeleton (D:10)
  25 killer bees
  A rime drake simulacrum (Lair:1)
  7 wights
  2 electric eels
  3 howler monkeys
  11 crimson imps
  2 bullfrog zombies
  A quasit (D:14)
  A wyvern simulacrum (Lair:1)
  A bullfrog skeleton (D:9)
  6 hounds
  6 jellies
  20 orc priests
  8 centaur skeletons
  12 worker ants
  2 iguanas
  32 orc wizards
  Natasha (thrice) (D:2)
  4 hell rats (Lair:6)
  A yak simulacrum (Lair:1)
  A hound zombie (D:11)
  Robin (D:2)
  A worker ant zombie (D:5)
  2 gnolls (D:3)
  18 adders
  2 crocodile simulacra (Lair:1)
  2 shadow imps
  5 white imps
  3 adder skeletons
  A dart slug (D:1)
  A worm (D:2)
  2 leopard geckos
  108 orcs
  A ball python (D:5)
  3 giant cockroaches
  15 goblins
  12 hobgoblins
  4 quokkas
  7 bats
  4 frilled lizards
  54 kobolds
  A leopard gecko zombie (D:9)
  A quokka skeleton (D:7)
  A quokka zombie (D:6)
  8 rats
  6 briar patches (Swamp:3)
  A demonic plant (Gauntlet)
  A fungus (Lair:6)
  3 plants
  A withered plant (D:15)
1196 creatures vanquished.

Vanquished Creatures (collateral kills)
  A hydra (D:15)
  Sonja (D:11)
  A lindwurm (Lair:6)
  An efreet (D:14)
  2 hornets (Lair:6)
  3 tyrant leeches (Lair:6)
  A hungry ghost (D:11)
  An orc warrior (D:15)
  An orc (D:15)
12 creatures vanquished.

Vanquished Creatures (others)
  An alligator (Swamp:3)
  A jumping spider (Spider:3)
  A shadow imp (Gauntlet)
  2 briar patches (Swamp:3)
  2 bushes (Lair:6)
  12 fungi
  22 plants
41 creatures vanquished.

Grand Total: 1249 creatures vanquished

Notes
Turn   | Place    | Note
-------+----------+-------------------------------------------
     0 | D:1      | ohad the Hill Orc Fighter began the quest for the Orb.
     0 | D:1      | Reached XP level 1. HP: 19/19 MP: 1/1
    39 | D:1      | Reached skill level 3 in Axes
   126 | D:1      | Reached XP level 2. HP: 21/26 MP: 2/2
   162 | D:1      | Reached skill level 4 in Axes
   386 | D:1      | Reached XP level 3. HP: 26/31 MP: 3/3
   654 | D:2      | Noticed Robin
   654 | D:2      | Noticed Natasha
   683 | D:1      | Reached skill level 5 in Axes
   817 | D:2      | Killed Robin
   820 | D:2      | Killed Natasha
   820 | D:2      | Reached skill level 6 in Axes
   820 | D:2      | Reached XP level 4. HP: 29/39 MP: 4/4
   937 | D:2      | Noticed Natasha
   940 | D:2      | Killed Natasha
  1129 | D:2      | Noticed Natasha
  1137 | D:2      | Killed Natasha
  1137 | D:2      | Reached skill level 7 in Axes
  1137 | D:2      | Reached XP level 5. HP: 39/45 MP: 5/5
  1839 | D:3      | Noticed a big kobold
  1839 | D:3      | Noticed a big kobold
  1844 | D:3      | Killed a big kobold
  1844 | D:3      | Reached skill level 8 in Axes
  1844 | D:3      | Reached XP level 6. HP: 51/51 MP: 6/6
  1906 | D:3      | Reached skill level 9 in Axes
  1926 | D:3      | Reached XP level 7. HP: 45/57 MP: 7/7
  1931 | D:3      | Reached skill level 10 in Axes
  2065 | D:3      | Reached skill level 11 in Axes
  2073 | D:3      | Reached XP level 8. HP: 49/64 MP: 6/8
  2457 | D:4      | Reached skill level 12 in Axes
  2564 | D:4      | Found a shattered altar of Ashenzari.
  3242 | D:5      | Entered Level 5 of the Dungeon
  3253 | D:5      | Got an ancient great mace
  3403 | D:5      | Found a glowing golden altar of the Shining One.
  3412 | D:5      | Reached skill level 13 in Axes
  3932 | D:6      | Found a runed translucent gate.
  3934 | D:6      | Found a runed translucent gate.
  3934 | D:6      | Found a runed translucent gate.
  3953 | D:6      | Found a runed translucent door.
  3963 | D:6      | Found a runed translucent door.
  3967 | D:6      | Found the +9 staff of Olgreb {rPois}
  4078 | D:6      | Found a staircase to the Ecumenical Temple.
  4101 | Temple   | Entered the Ecumenical Temple
  4144 | Temple   | Became a worshipper of Makhleb the Destroyer
  4242 | D:6      | Found a deep blue altar of Sif Muna.
  4273 | D:6      | Found a blossoming altar of Fedhas.
  4533 | D:6      | Reached skill level 14 in Axes
  4533 | D:6      | Reached XP level 9. HP: 51/70 MP: 9/9
  5214 | D:7      | Reached skill level 15 in Axes
  5369 | D:7      | Found a radiant altar of Vehumet.
  5373 | D:7      | Reached * piety under Makhleb
  5732 | D:7      | Got a dazzling ring mail
  5743 | D:7      | Identified the +2 ring mail "Doiqem" {MR+ Str+4} (You found
                  | it on level 7 of the Dungeon)
  5797 | D:7      | Found a basalt altar of Yredelemnul.
  6017 | D:8      | Reached skill level 16 in Axes
  6399 | D:8      | Reached XP level 10. HP: 57/80 MP: 5/10
  6404 | D:8      | Reached skill level 5 in Fighting
  6404 | D:8      | Reached skill level 5 in Armour
  6535 | D:8      | Noticed a three-headed hydra
  6539 | D:8      | Killed a one-headed hydra
  6742 | D:8      | Reached ** piety under Makhleb
  7122 | D:8      | Found a runed translucent gate.
  7123 | D:8      | Found a runed translucent gate.
  7167 | D:8      | Found a staircase to the Lair.
  7374 | D:8      | Found a runed translucent gate.
  7674 | D:8      | Reached skill level 5 in Shields
  7876 | D:8      | Noticed Stiffzip's ghost (novice MiBe)
  7877 | D:8      | Noticed a kobold demonologist
  8203 | Lair:1   | Entered Level 1 of the Lair of Beasts
  8225 | Lair:1   | Reached XP level 11. HP: 61/92 MP: 5/11
  8371 | Lair:1   | Noticed Ratty's ghost (journeyman GnSk)
  9137 | Lair:1   | Found a runed translucent gate.
  9137 | Lair:1   | Found a runed translucent gate.
  9137 | Lair:1   | Found a runed translucent gate.
  9494 | Lair:1   | Reached *** piety under Makhleb
 10241 | Lair:2   | Reached skill level 5 in Invocations
 10528 | Lair:2   | Reached skill level 10 in Shields
 11101 | Lair:3   | Reached skill level 1 in Dodging
 11144 | Lair:3   | Reached XP level 12. HP: 100/101 MP: 12/15
 11370 | Lair:3   | Reached skill level 5 in Dodging
 11556 | Lair:3   | Noticed a five-headed hydra
 11579 | Lair:3   | Killed a one-headed hydra
 11595 | Lair:3   | Reached **** piety under Makhleb
 12145 | Lair:3   | Found a hole to the Spider Nest.
 12470 | Lair:4   | Noticed a six-headed hydra
 12483 | Lair:4   | Killed a one-headed hydra
 12535 | Lair:4   | Noticed an eight-headed hydra
 12545 | Lair:4   | Killed a one-headed hydra
 12546 | Lair:4   | Upgraded the game from 0.24-a0-57-gac335f2 to
                  | 0.24-a0-67-ga78bd38
 12721 | Lair:4   | Found a staircase to the Swamp.
 13050 | Lair:4   | Reached skill level 1 in Evocations
 13389 | Lair:5   | Noticed Nessos
 13436 | Lair:5   | Noticed Urug
 13844 | Lair:4   | Killed Urug
 13844 | Lair:4   | Reached skill level 10 in Fighting
 13844 | Lair:4   | Reached XP level 13. HP: 114/114 MP: 11/16
 14060 | Lair:5   | Killed Nessos
 14249 | Lair:5   | Found a viscous altar of Jiyva.
 14249 | Lair:5   | Found a staircase to the Slime Pits.
 14448 | Lair:5   | Reached skill level 10 in Armour
 14988 | Lair:5   | Found the +8 whip "Snakebite" {curare, rPois}
 15319 | Lair:6   | Entered Level 6 of the Lair of Beasts
 15424 | Lair:6   | Reached ***** piety under Makhleb
 16012 | Lair:6   | Reached XP level 14. HP: 122/122 MP: 16/21
 16079 | Lair:6   | Reached skill level 10 in Invocations
 17446 | Lair:6   | Identified the Incunabulum of Execration
 17785 | Lair:6   | Found a runed translucent door.
 18387 | D:9      | Found an opulent altar of Gozag.
 18409 | D:9      | Reached ****** piety under Makhleb
 18655 | D:9      | Reached skill level 15 in Invocations
 18693 | D:9      | Found a hazy altar of Hepliaklqana.
 19235 | D:10     | Entered Level 10 of the Dungeon
 19597 | D:10     | Noticed Josephine
 19612 | D:10     | Paralysed by a hornet for 2 turns
 19648 | D:10     | Killed Josephine
 19650 | D:10     | Reached skill level 17 in Axes
 19821 | D:11     | Reached XP level 15. HP: 127/127 MP: 26/26
 19948 | D:11     | Noticed Sonja
 19949 | D:11     | Noticed a cacodemon
 19964 | D:11     | Found a roughly hewn altar of Beogh.
 19964 | D:11     | Found a staircase to the Orcish Mines.
 20006 | D:11     | Gained mutation: You are weak. (Str -2) [a cacodemon]
 20016 | D:11     | Gained mutation: You are very weak. (Str -4) [a cacodemon]
 20024 | D:11     | Gained mutation: Your body sometimes deteriorates upon
                  | taking damage. [a cacodemon]
 20073 | D:11     | You fall through a shaft for 2 floors!
 20242 | D:13     | Found Qiroshras's Demolitions Depot.
 20584 | D:13     | Reached skill level 18 in Axes
 21238 | D:12     | Found a gate leading to a gauntlet.
 21238 | D:12     | Noticed Psyche
 21245 | D:12     | Killed Psyche
 21273 | Gauntlet | Entered a Gauntlet
 21273 | Gauntlet | Found a transporter.
 21273 | Gauntlet | Found a transporter.
 21273 | Gauntlet | Found a transporter.
 21273 | Gauntlet | Found a runed translucent gate.
 21273 | Gauntlet | Found a runed translucent gate.
 21273 | Gauntlet | Found a runed translucent gate.
 21291 | Gauntlet | Found a transporter.
 21310 | Gauntlet | Got a pair of ancient boots
 21321 | Gauntlet | Identified the +1 pair of boots of the Three Demons {rF-
                  | Str+4 Dex+4} (You found it in a Gauntlet)
 21350 | Gauntlet | Found a transporter.
 21391 | Gauntlet | Found a transporter.
 21489 | Gauntlet | Found a transporter.
 21548 | Gauntlet | Got a brightly glowing marble ring
 21557 | Gauntlet | Identified the ring of Buuk {Ice *Drain Str+5 Slay+2} (You
                  | found it in a Gauntlet)
 21574 | Gauntlet | Identified the +1 chain mail of Knowledge {rElec Str+3
                  | Int+2}
 21574 | Gauntlet | Identified the ring of the Trilobite {rElec MR+ Int+3 SInv
                  | Stlth-}
 21596 | Gauntlet | Got a vibrating ivory ring
 21727 | D:12     | Got a crude ring mail
 21805 | D:12     | Reached skill level 10 in Dodging
 22907 | D:11     | Killed Sonja
 23072 | D:11     | Found a burning altar of Makhleb.
 23318 | Orc:1    | Entered Level 1 of the Orcish Mines
 23485 | Orc:2    | Entered Level 2 of the Orcish Mines
 23485 | Orc:2    | Found a staircase to the Elven Halls.
 23596 | Orc:2    | Found Teacla's Antique Weapon Boutique.
 23866 | Orc:2    | Found Basegil's Book Boutique.
 23866 | Orc:2    | Found Wygiv's Armour Shoppe.
 23868 | Orc:2    | Found Obla's Armour Emporium.
 23873 | Orc:2    | Found Cude's Food Shop.
 23979 | Orc:2    | Bought a +0 cloak of poison resistance for 93 gold pieces
 24211 | Orc:1    | Noticed an orc warlord
 24241 | Orc:2    | Killed an orc warlord
 24250 | Orc:2    | Identified the ring of Doyr {rPois MR+ Str+2 Int+2} (You
                  | found it in a Gauntlet)
 25163 | D:14     | Noticed Louise
 25189 | D:14     | Killed Louise
 25189 | D:14     | Reached XP level 16. HP: 68/135 MP: 8/27
 25848 | D:14     | Found a gate to the Vaults.
 25951 | D:14     | Identified the +1 ring mail of Spring {rPois rCorr Stlth+}
                  | (You found it on level 12 of the Dungeon)
 26034 | D:15     | Entered Level 15 of the Dungeon
 26098 | D:15     | Found a staircase to the Depths.
 27149 | D:15     | Noticed Agnes
 27162 | D:15     | Killed Agnes
 27655 | Swamp:1  | Entered Level 1 of the Swamp
 28429 | Swamp:1  | Got a crude hand axe
 28430 | Swamp:1  | Identified the +9 hand axe "Giunna Ynoiff" {chop, rPois
                  | Str+3} (You found it on level 1 of the Swamp)
 29026 | Swamp:2  | Reached XP level 17. HP: 95/148 MP: 28/28
 31688 | Swamp:4  | Entered Level 4 of the Swamp
 32257 | Swamp:3  | Upgraded the game from 0.24-a0-67-ga78bd38 to
                  | 0.24-a0-84-g25a2d9f
 32676 | Swamp:4  | Reached skill level 15 in Shields
 32728 | Swamp:4  | Got a decaying rune of Zot
 32760 | Swamp:4  | Reached XP level 18. HP: 160/160 MP: 29/29
 33206 | Spider:1 | Entered Level 1 of the Spider Nest
 33529 | Spider:1 | Noticed Jorgrun
 33546 | Spider:1 | Killed Jorgrun
 34937 | Spider:2 | Reached skill level 15 in Fighting
 35180 | Spider:2 | Noticed Arachne
 35237 | Spider:2 | HP: 8/163 [Arachne/bolt of poison (15)]
 35244 | Spider:2 | HP: 8/163 [poisoned by Arachne]
 35248 | Spider:2 | Killed Arachne
 35618 | Spider:2 | Noticed Azrael
 35658 | Spider:2 | Killed Azrael
 36224 | Spider:3 | HP: 6/166 [disintegration (28)]
 36225 | Spider:3 | Blown up by an orb spider

Levels and vault maps discovered:

Skill      XL: |  1  2  3  4  5  6  7  8  9 10 11 12 13 14 15 16 17 18 |
---------------+-------------------------------------------------------+-----
Axes           | 3 4 6 7 8 9 11 14 16 17 18 | 18.1
Fighting       | 4 7 8 10 12 14 15 | 15.6
Armour         | 4 7 10 12 13 14 | 14.7
Shields        | 6 10 12 13 15 | 15.0
Invocations    | 5 9 15 | 15.4
Dodging        | 3 7 9 10 11 12 | 12.3
Evocations     | 2 |  2.8

Action                   |  1- 3 |  4- 6 |  7- 9 | 10-12 | 13-15 | 16-18 || total
-------------------------+-------+-------+-------+-------+-------+-------++-------
Melee: War axe           |   102 |   132 |   451 |   701 |   861 |   239 ||  2486
       Hand axe          |       |       |       |   190 |    75 |       ||   265
       Broad axe         |       |       |       |       |  1038 |  1645 ||  2683
       Whip              |       |       |       |       |    15 |       ||    15
Throw: Javelin           |       |       |       |       |     1 |       ||     1
Invok: Lesser Servant of |       |       |       |       |     5 |     2 ||     7
       Greater Servant o |       |       |       |       |     2 |     1 ||     3
 Abil: Evoke Berserk Rag |       |       |       |     2 |     1 |       ||     3
  Use: Potion            |       |       |     2 |     4 |     5 |    11 ||    22
       Scroll            |       |       |     2 |    16 |     9 |     8 ||    35
 Stab: Distracted        |       |       |       |       |     2 |     1 ||     3
       Petrified         |       |       |       |       |       |    17 ||    17
       Petrifying        |       |       |       |       |       |     1 ||     1
  Eat: Chunk             |       |     4 |    14 |    15 |    38 |    18 ||    89
       Ration            |       |       |       |     3 |     2 |     6 ||    11
Armor: Scale mail        |    53 |    53 |    36 |       |       |       ||   142
       Chain mail        |       |       |   118 |   287 |   489 |   854 ||  1748
       Ring mail         |       |       |    18 |     6 |       |       ||    24
       Plate armour      |       |       |       |       |   223 |       ||   223
Dodge: Dodged            |    44 |    61 |   131 |   336 |   856 |  1072 ||  2500
Block: Shield            |    76 |    58 |   185 |   461 |  1309 |  1436 ||  3525

Table legend:
 A = Non-vault XP
 B = Vault XP
 C = Vault XP percentage of total XP
 D = Non-vault monster count
 E = Vault monster count
 F = Vault count percentage of total count
                 A         B        C        D         E       F
            +---------+---------+-------+---------+---------+-------
      Total |  201091 |   94870 |  32.1 |     865 |     332 |  27.7
            +---------+---------+-------+---------+---------+-------
        D:1 |      39 |      18 |  31.6 |      24 |       9 |  27.3
        D:2 |     102 |      55 |  35.0 |      19 |       4 |  17.4
        D:3 |      23 |    1132 |  98.0 |       7 |      49 |  87.5
        D:4 |     312 |       0 |   0.0 |      12 |       0 |   0.0
        D:5 |     455 |       0 |   0.0 |      14 |       0 |   0.0
        D:6 |     397 |       0 |   0.0 |       8 |       0 |   0.0
        D:7 |    1209 |       1 |   0.1 |      26 |       1 |   3.7
        D:8 |    2220 |    2568 |  53.6 |      40 |       9 |  18.4
        D:9 |    4147 |       0 |   0.0 |      46 |       0 |   0.0
       D:10 |    3358 |    1907 |  36.2 |      31 |       5 |  13.9
       D:11 |    5743 |    1053 |  15.5 |      37 |      23 |  38.3
       D:12 |    5459 |     463 |   7.8 |      37 |       1 |   2.6
       D:13 |    6648 |       0 |   0.0 |      44 |       0 |   0.0
       D:14 |    5080 |    9946 |  66.2 |      26 |      33 |  55.9
       D:15 |   20305 |    8366 |  29.2 |      46 |      21 |  31.3
     Lair:1 |    3288 |    1058 |  24.3 |      14 |       8 |  36.4
     Lair:2 |    3906 |       0 |   0.0 |      20 |       0 |   0.0
     Lair:3 |    4981 |    2161 |  30.3 |      17 |      14 |  45.2
     Lair:4 |    4952 |    3249 |  39.6 |      19 |      11 |  36.7
     Lair:5 |    6425 |    3247 |  33.6 |      24 |      11 |  31.4
     Lair:6 |   18199 |   16774 |  48.0 |      67 |      40 |  37.4
    Swamp:1 |    6699 |       0 |   0.0 |      18 |       0 |   0.0
    Swamp:2 |   11567 |       0 |   0.0 |      23 |       0 |   0.0
    Swamp:3 |   28072 |    7116 |  20.2 |      56 |      11 |  16.4
    Swamp:4 |    9552 |   14337 |  60.0 |      21 |      23 |  52.3
   Spider:1 |    9310 |    3259 |  25.9 |      31 |       1 |   3.1
   Spider:2 |   27997 |    5405 |  16.2 |      65 |       6 |   8.5
   Spider:3 |    3795 |       0 |   0.0 |      11 |       0 |   0.0
      Orc:1 |    3273 |       0 |   0.0 |      35 |       0 |   0.0
      Orc:2 |    3578 |    6375 |  64.1 |      27 |      40 |  59.7
   Gauntlet |       0 |    6380 | 100.0 |       0 |      12 | 100.0
            +---------+---------+-------+---------+---------+-------
